 Seeded DCSS version 0.29-a0-830-gcb1280458a (webtiles) character file.

Game seed: 20220711 (custom seed)

58 flotson the Sneak (level 3, -2/29 HPs)
             Began as a Demonspawn Delver on July 11, 2022.
             Slain by a gnoll
             ... wielding a +0 flail
              (9 damage)
             ... on level 3 of the Dungeon.
             The game lasted 00:02:50 (680 turns).

flotson the Sneak (Demonspawn Delver)                Turns: 680, Time: 00:02:51

Health: -2/29      AC:  3    Str: 14    XL:     3   Next: 75%
Magic:  3/3        EV: 12    Int: 11    God:
Gold:   0          SH:  0    Dex: 14    Spells: 2/2 levels left

rFire   . . .      SeeInvis .   a - +0 spear
rCold   . . .      Faith    .   (no shield)
rNeg    . . .      Spirit   .   b - +0 leather armour
rPois   .          Reflect  .   (no helmet)
rElec   .          Harm     .   (no cloak)
rCorr   +          Rampage  .   (no gloves)
Will    .....                   (no boots)
Stlth   ++........              (no amulet)
HPRegen 0.09/turn               e - ring of resist corrosion
MPRegen 0.08/turn               (no ring)

@: no status effects
A: demonic guardian 1
a: no special abilities


You were on level 3 of the Dungeon.
You visited 1 branch of the dungeon, and saw 4 of its levels.

Inventory:

Hand Weapons
 a - a +0 spear (weapon)
Missiles
 f - 3 stones (quivered)
Armour
 b - a +0 leather armour (worn)
Jewellery
 e - a ring of resist corrosion (left hand)
Wands
 g - a wand of digging (3)
Scrolls
 c - a scroll of fog
 d - a scroll of fear


   Skills:
 + Level 3.4 Fighting
 + Level 1.1(1.6) Axes
 - Level 1.7(2.0) Polearms
 + Level 0.1 Throwing
 + Level 1.1 Armour
 + Level 2.2 Dodging
 - Level 4.5 Stealth
 + Level 1.2 Evocations


You had 2 spell levels left.
You didn't know any spells.
Your spell library was empty.

Dungeon Overview and Level Annotations

Branches:
Dungeon (5/15)
 Temple: D:4-7

Altars:
Makhleb
Yredelemnul

Annotations:
D:4 Dowan, Duvessa


Innate Abilities, Weirdness & Mutations

A weak demonic guardian rushes to your aid.


Message History

You climb downwards.
There is a stone staircase leading up here.
You hit the gnoll.
The gnoll is lightly wounded.
The gnoll closely misses you.
You hit the gnoll.
The gnoll is heavily wounded.
The gnoll hits you with a +0 flail.
You completely miss the gnoll.
The gnoll is heavily wounded.
The gnoll hits you with a +0 flail.
You barely miss the gnoll.
The gnoll is heavily wounded.
The gnoll closely misses you.
You hit the gnoll.
The gnoll is severely wounded.
The gnoll barely misses you.
You hit the gnoll but do no damage.
The gnoll is severely wounded.
The gnoll hits you with a +0 flail!
You are too injured to fight recklessly!
You are too injured to fight recklessly!
You are too injured to fight recklessly!
You are too injured to fight recklessly!
You are too injured to fight recklessly!
You are too injured to fight recklessly!
You are too injured to fight recklessly!
You are too injured to fight recklessly!
You are too injured to fight recklessly!
You hit the gnoll but do no damage.
The gnoll is severely wounded.
The gnoll barely misses you.
You closely miss the gnoll.
The gnoll is severely wounded.
The gnoll hits you with a +0 flail.
* * * LOW HITPOINT WARNING * * *
You barely miss the gnoll.
The gnoll is severely wounded.
The gnoll hits you with a +0 flail!
You die...

#.....# . #
##....##.. #.
###.........
#.##.......##..
#....#...#$#
###..##.##.#
#..##.# #
#..##g##.####
...##@.......
###.#####.####
#.# # #.# #..
##


You could see a gnoll.

Vanquished Creatures
  A hound (D:4)
  A worm (D:2)
  An orc (D:4)
  A bat (D:2)
  A giant cockroach (D:2)
  A hobgoblin (D:4)
  2 kobolds (D:2)
8 creatures vanquished.

Vanquished Creatures (collateral kills)
  A gnoll (D:2)
  An orc (D:4)
  A bat (D:2)
  A giant cockroach (D:2)
  A quokka (D:2)
5 creatures vanquished.

Grand Total: 13 creatures vanquished

Notes
Turn   | Place    | Note
-------+----------+-------------------------------------------
     0 | D:5      | flotson the Demonspawn Delver began the quest for the Orb.
     0 | D:5      | Reached XP level 1. HP: 18/18 MP: 1/1
     1 | D:5      | Noticed Dowan
     2 | D:5      | Noticed Duvessa
     4 | D:5      | Noticed a necrophage
    19 | D:4      | Found a basalt altar of Yredelemnul.
    22 | D:4      | Noticed a hound
    33 | D:4      | Killed a hound
    34 | D:4      | Reached skill level 1 in Evocations
    34 | D:4      | Gained mutation: A weak demonic guardian rushes to your
                  | aid. [demonic ancestry]
    34 | D:4      | Reached XP level 2. HP: 19/24 MP: 2/2
    34 | D:4      | Reached XP level 3. HP: 23/29 MP: 3/3
    71 | D:4      | Reached skill level 1 in Armour
    86 | D:4      | Found a burning altar of Makhleb.
   273 | D:2      | Reached skill level 1 in Axes
   476 | D:2      | Found a faded altar of an unknown god.
   680 | D:3      | Slain by a gnoll

Illustrated notes

Levels and vault maps discovered:
D:2:      layout_basic, hellmonk_ecumenical_altar_lost_god, serial_shops,
          shop_fountains
D:3:      layout_loops_ring, slow_altar_1, uniq_ijyb
D:4:      minmay_clustersquares, layout_rooms,
          mainiacjoe_overflow_cross_hatched, lemuel_tele_altar, uniq_sigmund,
          uniq_menkaure
D:5:      layout_rooms, pdpol_temple_overflow_zin_treasury_gozag_greed,
          nicolae_ru_great_annihilating_truth, gammafunk_ghost_necromancy,
          corexii_hall_statues_x, palyth_stone_intersect, minmay_between,
          uniq_duvessa

Skill      XL: |  1  2  3 |
---------------+----------+-----
Dodging        | 2 |  2.2
Evocations     | 1 |  1.2
Armour         | 1 |  1.1
Axes           | 1 |  1.1
Fighting       | |  3.4
Polearms       | |  1.7
Throwing       | |  0.1
Stealth        | |  4.5

Action                   || total
-------------------------++-------
Melee: Spear             ||    57
  Use: Scroll            ||     2
       Potion            ||     1
Armor: Leather armour    ||     8
Dodge: Dodged            ||    34

Table legend: (Time is in decaauts)
 A = Elapsed time spent in this place.
 B = Non-inter-level travel time spent in this place.
 C = Inter-level travel time spent in this place.
 D = Time resting spent in this place.
 E = Time spent auto-exploring this place.
 F = Levels seen in this place.
 G = Mean time per level.
                   A        B        C        D        E       F      G
               +--------+--------+--------+--------+--------+-----+--------+
         Total |    667 |    667 |      0 |    308 |    175 |   4 |  166.8 |
       Dungeon |    667 |    667 |      0 |    308 |    175 |   4 |  166.8 |
               +--------+--------+--------+--------+--------+-----+--------+

Top non-repeatable levels by time:
     D:3: 334 daAuts
     D:2: 254 daAuts
     D:4: 62 daAuts
     D:5: 15 daAuts
